 Dungeon Crawl Stone Soup version 0.26.1-2-gb8aa6d0cf2 (webtiles) character file.

Game seed: 2469191582205483045

142 Gadfly the Cudgeller (level 5, -1/49 HPs)
             Began as a Troll Artificer on Feb 24, 2021.
             Slain by an iguana (12 damage)
             ... on level 4 of the Dungeon.
             The game lasted 00:02:36 (1686 turns).

Gadfly the Cudgeller (Troll Artificer)              Turns: 1686, Time: 00:02:37

Health: -1/49      AC:  6    Str: 27    XL:     5   Next: 3%
Magic:  4/4        EV: 10    Int:  7    God:
Gold:   148        SH:  0    Dex: 10    Spells: 4/4 levels left

rFire    . . .     SeeInvis .   a - +0 club
rCold    . . .     Faith    .   (no shield)
rNeg     . . .     Spirit   .   b - +0 robe
rPois    .         Reflect  .   (helmet restricted)
rElec    .         Harm     .   (no cloak)
rCorr    .         Rampage  .   (gloves unavailable)
Will     .....                  (boots unavailable)
Stlth    +.........             (no amulet)
HPRegen  0.56/turn              i - +6 ring of strength
MPRegen  0.09/turn              (no ring)

@: no status effects
A: large, unfitting armour, claws 3, regeneration 1, shaggy fur 1, tough skin 3
a: no special abilities


You were on level 4 of the Dungeon.
You visited 1 branch of the dungeon, and saw 3 of its levels.

You collected 148 gold pieces.

Inventory:

Hand Weapons
 a - a +0 club (weapon)
 s - a +0 dagger of holy wrath
Armour
 b - a +0 robe (worn)
Jewellery
 i - a +6 ring of strength (left claw)
 n - an uncursed ring of fire
Wands
 c - a wand of flame (14) (quivered)
 d - a wand of enslavement (15)
 e - a wand of random effects (15)
Scrolls
 f - a scroll of fear
 g - a scroll of teleportation
 j - 2 scrolls of remove curse
 o - a scroll of identify
Potions
 h - a potion of magic
 k - a potion of lignification
 l - a potion of attraction
 m - a potion of cancellation
 r - a potion of curing {unknown}


   Skills:
 + Level 1.8 Fighting
 * Level 2.5 Maces & Flails
 * Level 2.3 Armour
 - Level 1.9 Dodging
 - Level 0.3 Stealth
 - Level 2.1 Evocations


You had 4 spell levels left.
You didn't know any spells.
Your spell library was empty.

Dungeon Overview and Level Annotations

Branches:
Dungeon (2/15)

Altars:
Wu Jian


Innate Abilities, Weirdness & Mutations

You are too large for most types of armour.
You have claws for hands.
Your natural rate of healing is unusually fast.
You are covered in fur. (AC +1)
You have extremely tough skin. (AC +3)


Message History

You are too injured to fight recklessly!
You are too injured to fight recklessly!
You are too injured to fight recklessly!
You are too injured to fight recklessly!
You are too injured to fight recklessly!
You are too injured to fight recklessly!
You are too injured to fight recklessly!
You are too injured to fight recklessly!
Unknown command.
You barely miss the iguana.
The iguana is severely wounded.
The iguana barely misses you. The iguana bites you!
* * * LOW HITPOINT WARNING * * *
You hit the iguana.
The iguana is severely wounded.
The iguana bites you but does no damage.
You barely miss the iguana.
The iguana is severely wounded.
The iguana bites you!
You die...

###> ... ...
... #.##.#
#....#######
#...........
#B.......#
#J######.#
#l# #@# #.##
#..# ##.#
#.# #.# #.#
#.# #.###
#########


You could see an iguana, a worker ant and an ooze.

Vanquished Creatures
  A howler monkey (D:4)
  3 adders
  A white imp (D:2)
  An ooze (D:1)
  4 dart slugs
  2 leopard geckos
  3 ball pythons (D:1)
  3 giant cockroaches
  3 goblins (D:1)
  7 hobgoblins
  5 jackals
  2 quokkas (D:4)
  6 bats
  3 frilled lizards (D:1)
  4 kobolds (D:1)
  2 rats (D:1)
50 creatures vanquished.

Notes
Turn   | Place    | Note
-------+----------+-------------------------------------------
     0 | D:1      | Gadfly the Troll Artificer began the quest for the Orb.
     0 | D:1      | Reached XP level 1. HP: 18/18 MP: 0/0
    67 | D:1      | Reached skill level 1 in Fighting
    67 | D:1      | Reached XP level 2. HP: 27/27 MP: 1/1
   119 | D:1      | Reached skill level 1 in Maces & Flails
   140 | D:1      | Reached skill level 1 in Armour
   383 | D:1      | Reached XP level 3. HP: 19/33 MP: 2/2
   998 | D:2      | Reached XP level 4. HP: 41/41 MP: 3/3
  1375 | D:2      | Found an ornate altar of the Wu Jian Council.
  1433 | D:2      | You fall into a shaft and drop 2 floors!
  1586 | D:4      | Reached XP level 5. HP: 28/49 MP: 4/4
  1686 | D:4      | Slain by an iguana

Illustrated notes

Levels and vault maps discovered:
D:1:      amcnicky_arrival_wind_blow, layout_basic
D:2:      layout_loops_ring, nzn_wu_jian_council_hall, st_stairs_3,
          grunt_ministairs_12, minmay_misc_feat_plants, minmay_tiny_reverse_x
D:4:      layout_basic

Skill      XL: |  1  2  3  4 |
---------------+-------------+-----
Fighting       | 1 |  1.8
Maces & Flails | 1 2 |  2.5
Armour         | 1 2 |  2.3
Dodging        | |  1.9
Stealth        | |  0.3
Evocations     | |  2.1

Action                   |  1- 3 |  4- 6 || total
-------------------------+-------+-------++-------
Melee: Club              |   188 |   120 ||   308
Evoke: Wand              |     1 |       ||     1
  Use: Scroll            |     6 |     3 ||     9
 Stab: Sleeping          |     1 |     2 ||     3
Armor: Robe              |   121 |    74 ||   195
Dodge: Dodged            |   144 |    89 ||   233
